 Dungeon Crawl Stone Soup version 0.21-a0-228-g14ccbf3 (webtiles) character file.

306 Gorglomux the Bolt Thrower (level 6, -1/38 HPs)
             Began as a Tengu Hunter on Aug 31, 2017.
             Slain by a worker ant (6 damage)
             ... on level 4 of the Dungeon.
             The game lasted 00:10:40 (3284 turns).

Gorglomux the Bolt Thrower (Tengu Hunter)           Turns: 3284, Time: 00:10:40

Health: -1/38      AC:  5    Str: 14    XL:     6   Next: 39%
Magic:  7/7        EV: 22    Int: 11    God:
Gold:   163        SH:  0    Dex: 20    Spells: 5/5 levels left

rFire    . . .     SeeInvis .   b - +0 short sword
rCold    + . .     Gourm    .   (no shield)
rNeg     . . .     Faith    .   z - +0 ring mail
rPois    .         Spirit   .   (helmet restricted)
rElec    .         Reflect  .   (no cloak)
rCorr    .         Harm     .   (no gloves)
MR       .....                  (boots unavailable)
Stlth    ++........             (no amulet)
HPRegen  0.12/turn              c - ring of protection from cold
MPRegen  0.10/turn              (no ring)

@: agile, lethally poisoned (-1 -> -20), flying quickly and evasively, quick
A: beak, talons 3, able to fly 1
a: no special abilities


You were on level 4 of the Dungeon.
You were hungry.

You visited 1 branch of the dungeon, and saw 4 of its levels.

You collected 163 gold pieces.

Inventory:

Hand Weapons
 a - a +1 hand crossbow
 b - a +0 short sword (weapon)
Missiles
 d - 6 bolts
 h - 136 stones (quivered)
Armour
 z - a +0 ring mail (worn)
Jewellery
 c - a ring of protection from cold (left hand)
Scrolls
 k - 4 scrolls of identify {unknown}
 n - a scroll of enchant weapon {unknown}
 p - a scroll of remove curse {unknown}
 s - 3 scrolls of random uselessness {unknown}
 t - a scroll of amnesia {unknown}
 w - a scroll of recharging {unknown}
 y - a scroll of fear {unknown}
Potions
 v - a potion of lignification
Comestibles
 f - 2 bread rations
 x - 2 chunks of flesh


   Skills:
 + Level 3.8 Fighting
 + Level 5.8 Crossbows
 + Level 0.4 Armour
 - Level 4.7 Dodging
 - Level 1.0 Stealth


You had 5 spell levels left.
You didn't know any spells.

Dungeon Overview and Level Annotations

Branches:
Dungeon (4/15)
 Temple: D:4-7

Altars:
Wu Jian

Annotations:
D:3 Gorglomux's ghost, amateur DrWz


Innate Abilities, Weirdness & Mutations

You have a beak for a mouth.
You have claws for feet.
You can fly.


Message History

You are more poisoned!
The butt ant poisons you!!!
You feel sick!
You feel butt!
It was a potion of flight!
You feel very buoyant!
Butt swoop lightly up into the air!
You feel sick! The worker ant bites you!
The worker ant bites you!!! * * * don't die
* * * It was a potion of agility!
You feel agile all of a sudden! * * * don't die
* * * You feel butt!
The worker ant bites you! * * * don't die
* * * You are more poisoned!
The worker ant poisons you!!!
It was a potion of magic!
Magic courses through your body! * * * don't die
* * * You butt sick!
The worker ant bites you! rip

#### ### .... #... #..# ....#
#...# #...# # ###.#..
#.#.####.#.# #
.......####....##..#.# .#
#.....##..##.##.##.##$#
....#.#.a@..............## . ?.
##.#..#...#.#.#.#..#
............<.#.#................
..............#.#...<..#.#.#.#...
..........%.# #.#.#.#...........#
.......O....# #.#.#.#..#.#.#.#..#
............# #.#.#.............#
............# #.#.##[..#.#.#.#...
.......!....# .#.###..........#.


You could see a worker ant.

Vanquished Creatures
  3 orc priests (D:3)
  Natasha (twice) (D:3 D:2)
  An orc wizard (D:3)
  3 adders
  An ooze (D:2)
  2 worms (D:2)
  2 leopard geckos
  11 orcs (D:3)
  6 bats
  3 giant cockroaches
  11 goblins
  13 hobgoblins
  15 jackals
  5 kobolds
  2 quokkas (D:2)
  4 frilled lizards
  6 rats
90 creatures vanquished.

Notes
Turn   | Place    | Note
-------+----------+-------------------------------------------
     0 | D:1      | Gorglomux the Tengu Hunter began the quest for the Orb.
     0 | D:1      | Reached XP level 1. HP: 12/12 MP: 2/2
    88 | D:1      | Reached XP level 2. HP: 17/17 MP: 3/3
   623 | D:1      | Reached skill level 3 in Dodging
   654 | D:1      | Reached XP level 3. HP: 22/22 MP: 4/4
   998 | D:2      | Found an ornate altar of the Wu Jian Council.
  1140 | D:2      | HP: 1/22 [quokka (1)]
  1467 | D:2      | Reached XP level 4. HP: 24/27 MP: 5/5
  1753 | D:2      | Reached skill level 5 in Crossbows
  2528 | D:3      | Reached skill level 3 in Fighting
  2528 | D:3      | Gained mutation: You can fly. [Tengu growth]
  2528 | D:3      | Reached XP level 5. HP: 32/32 MP: 6/6
  2556 | D:3      | Reached XP level 6. HP: 28/37 MP: 7/7
  2842 | D:3      | Noticed Natasha
  2849 | D:3      | Killed Natasha
  2907 | D:3      | Found a faded altar of an unknown god.
  3115 | D:3      | Noticed Gorglomux's ghost (amateur DrWz)
  3122 | D:3      | Noticed Natasha
  3163 | D:2      | Killed Natasha
  3284 | D:4      | Slain by a worker ant

Vault maps used:
D:1:      saegor_arrival_simple_c
D:2:      nicolae_overflow_crystal_walls
D:3:      cheibrodos_pilgrimage, chequers_ecumenical_altar_simple_redux,
          hangedman_decor_slide_cut, uniq_natasha
D:4:      first_bread, serial_co_window_serial, co_window_corner_a,
          co_window_corner_a, co_window_cross_1, co_window_of_opportunity_a,
          co_window_corner_a, co_window_corner_b, co_window_cross_3,
          co_window_paths_c, co_window_broadway_c, co_window_4corner_b,
          glass_columns_a, glass_columns_c, glass_columns_a, glass_columns_b,
          nemelex_dance_club_becter

Skill      XL: |  1  2  3  4  5 |
---------------+----------------+-----
Dodging        | 3 4 |  4.7
Crossbows      | 5 |  5.8
Fighting       | 3 |  3.8
Armour         | |  0.4
Stealth        | |  1.0

Action                   |  1- 3 |  4- 6 || total
-------------------------+-------+-------++-------
Melee: Short sword       |    58 |   117 ||   175
       Kick              |     9 |    31 ||    40
       Peck              |     7 |    10 ||    17
 Fire: Hand crossbow     |    29 |    28 ||    57
Throw: Stone             |    51 |    40 ||    91
  Use: Potion            |       |     5 ||     5
 Stab: Sleeping          |     1 |       ||     1
  Eat: Chunk             |     1 |     6 ||     7
Armor: Leather armour    |    29 |    17 ||    46
       Skin              |       |     8 ||     8
       Ring mail         |       |     3 ||     3
Dodge: Dodged            |    68 |    63 ||   131

Table legend:
 A = Spawn XP
 B = Non-spawn XP
 C = Spawn XP percentage of total XP
 D = Spawn monster count
 E = Non-spawn monster count
 F = Spawn count percentage of total count
 G = Total turns spent on level
                    A         B        C        D         E        F      G
               +---------+---------+-------+---------+---------+-------+---------
         Total |      19 |     419 |   4.3 |      10 |      80 |  11.1 |  3284
               +---------+---------+-------+---------+---------+-------+---------
           D:1 |      11 |      37 |  22.9 |       6 |      23 |  20.7 |   947
           D:2 |       4 |     106 |   3.6 |       2 |      27 |   6.9 |  1404
           D:3 |       4 |     276 |   1.4 |       2 |      30 |   6.2 |   894
               +---------+---------+-------+---------+---------+-------+---------
